 Dungeon Crawl Stone Soup version 0.28-a0-519-gbfeecf2fc5 (webtiles) character file.

Game seed: 15575287998473329402

217 mg7810 the Chopper (level 5, 0/61 HPs)
             Began as a Demonspawn Monk on Sept 23, 2021.
             Slain by Crazy Yiuf (1 damage)
             ... on level 2 of the Dungeon.
             The game lasted 00:07:49 (3433 turns).

mg7810 the Chopper (Demonspawn Monk)                Turns: 3433, Time: 00:07:50

Health: 0/61       AC: 22    Str: 12    XL:     5   Next: 62%
Magic:  5/5        EV:  2    Int: 12    God:
Gold:   158        SH:  4    Dex: 15    Spells: 4/4 levels left

rFire   . . .      SeeInvis +   a - +0 hand axe
rCold   . . .      Faith    .   i - +0 buckler
rNeg    + + +      Spirit   .   (armour currently unavailable)
rPois   +          Reflect  .   (helmet currently unavailable)
rElec   .          Harm     .   (cloak currently unavailable)
rCorr   .          Rampage  .   (gloves currently unavailable)
Will    .....      NoTele   +   (boots currently unavailable)
Stlth   ++........              b - amulet of the acrobat
HPRegen 0.20/turn               e - ring of poison resistance
MPRegen 0.09/turn               n - ring of see invisible

@: tree-form
A: stationary, stasis, torment immunity, boosted hp, (claws 1), (horns 1)
a: no special abilities


You were on level 2 of the Dungeon.
You were a tree.
You visited 1 branch of the dungeon, and saw 3 of its levels.

You collected 158 gold pieces.

Inventory:

Hand Weapons
 a - a +0 hand axe (weapon)
Armour
 d - a +0 pair of boots (melded)
 f - a +0 ring mail (melded)
 i - a +0 buckler (worn)
Jewellery
 b - an amulet of the acrobat (around neck)
 e - a ring of poison resistance (left branch)
 n - a ring of see invisible (right branch)
Wands
 o - a wand of polymorph (10)
Scrolls
 c - 2 scrolls of vulnerability
 k - a scroll of enchant armour {unknown}
 l - a scroll of teleportation
Potions
 h - a potion of degeneration {unknown}
 j - a potion of curing {unknown}
 m - a potion of brilliance {unknown}


   Skills:
 + Level 3.2 Fighting
 + Level 3.8 Axes
 * Level 2.6 Armour
 + Level 3.1 Dodging
 - Level 2.0 Stealth
 * Level 1.1 Shields
 * Level 1.4 Unarmed Combat


You had 4 spell levels left.
You didn't know any spells.
Your spell library was empty.

Dungeon Overview and Level Annotations

Branches:
Dungeon (3/15)

Altars:

Annotations:
D:2 Crazy Yiuf


Innate Abilities, Weirdness & Mutations

You are a tree.
Your roots penetrate the ground, keeping you stationary.
You cannot be teleported.
You are immune to unholy pain and torment.
Your maximum health is greatly increased.
Your equipment is partially melded.
((You have sharp fingernails.))
((You have a pair of small horns on your head.))


Message History

Okay, then.
As you read the scroll labelled XUYR RAONUOHY, it crumbles to dust.
You feel strangely unstable.
It was a scroll of teleportation.
You open the door.
Your surroundings suddenly seem different.
You see here a +0 robe.
You see here a +0 mace.
You see here a +0 mace.
You see here a +0 mace.
You see here a +0 mace.
Crazy Yiuf shouts!
You closely miss Crazy Yiuf. You headbutt Crazy Yiuf.
Crazy Yiuf is moderately wounded.
Crazy Yiuf hits you with a +4 quarterstaff of chaos.
Crazy Yiuf cries, "You leg down broken song, no?"
Crazy Yiuf hits you with a +4 quarterstaff of chaos.
Crazy Yiuf burns you.
You barely miss Crazy Yiuf. You headbutt Crazy Yiuf.
Crazy Yiuf is moderately wounded.
Crazy Yiuf yells, "Walk arm wrapper!"
You block Crazy Yiuf's attack.
You hit Crazy Yiuf.
Crazy Yiuf is heavily wounded.
Crazy Yiuf hits you with a +4 quarterstaff of chaos!
Crazy Yiuf burns you.
You barely miss Crazy Yiuf. Your headbutt misses Crazy Yiuf.
Crazy Yiuf is heavily wounded.
Crazy Yiuf barely misses you.
You closely miss Crazy Yiuf. Your headbutt misses Crazy Yiuf.
Crazy Yiuf is heavily wounded.
Crazy Yiuf says, "Pitchfork Xom mobile!"
Crazy Yiuf hits you with a +4 quarterstaff of chaos!
* * * LOW HITPOINT WARNING * * *
It was a potion of lignification.
You turn into a tree.
Your +0 pair of boots melds into your body.
Your +0 ring mail melds into your body.
Your roots penetrate the ground.
Crazy Yiuf hits you with a +4 quarterstaff of chaos.
* * * LOW HITPOINT WARNING * * *
Crazy Yiuf freezes you.
You die...

#...###########......#.....
#.#.# #.####......# #.#.#
##### #.# ##.#....
#######.#.# #)..#
#.#####.#..## .....##.#.#
#)..# #.......#..##
####......# )..
#..........## ####.### #'#
#.#####.##.## #.# #g##
#.#####.#.... #.# ##♣#
#............ #.# #.##
#######...... #######.#
##.# #...#.. ......#.# #)##
#######...#.. #####.#.#
###).# #.........#..
#.#.### #....#
########..#.. #.#...#
#..).# #..... #.######
#....# #####.#### #.# #.#
#..)## #.....###


You could see Crazy Yiuf.

Vanquished Creatures
  A necrophage (D:3)
  7 adders
  A dart slug (D:2)
  3 orcs (D:3)
  9 bats
  4 endoplasms
  5 giant cockroaches
  A goblin (D:1)
  3 hobgoblins
  6 kobolds
  6 quokkas
  6 ball pythons
  6 frilled lizards
  10 rats
68 creatures vanquished.

Notes
Turn   | Place    | Note
-------+----------+-------------------------------------------
     0 | D:1      | mg7810 the Demonspawn Monk began the quest for the Orb.
     0 | D:1      | Reached XP level 1. HP: 18/18 MP: 1/1
   288 | D:1      | Gained mutation: You have a pair of small horns on your
                  | head. [demonic ancestry]
   288 | D:1      | Reached XP level 2. HP: 16/24 MP: 2/2
   846 | D:1      | Reached skill level 1 in Armour
   846 | D:1      | Gained mutation: You have sharp fingernails. [demonic
                  | ancestry]
   846 | D:1      | Reached XP level 3. HP: 29/29 MP: 3/3
  1140 | D:2      | Found a faded altar of an unknown god.
  2052 | D:2      | Found a runed translucent door.
  2053 | D:2      | Noticed Crazy Yiuf
  2196 | D:3      | Reached XP level 4. HP: 34/35 MP: 4/4
  2229 | D:3      | Noticed a necrophage
  2244 | D:3      | Killed a necrophage
  2245 | D:3      | Reached skill level 1 in Shields
  2245 | D:3      | Reached skill level 1 in Unarmed Combat
  2245 | D:3      | Reached XP level 5. HP: 11/41 MP: 5/5
  3433 | D:2      | HP: 1/61 [Crazy Yiuf (5)]
  3433 | D:2      | Slain by Crazy Yiuf

Illustrated notes

Levels and vault maps discovered:
D:1:      minmay_arrival_doors, layout_rooms, hex_intersection,
          roderic_roman_lattice
D:2:      layout_loops_ring, chequers_ecumenical_altar_simple_redux,
          uniq_crazy_yiuf_cottage
D:3:      layout_basic

Skill      XL: |  1  2  3  4 |
---------------+-------------+-----
Axes           | 3 |  3.8
Armour         | 1 2 |  2.6
Stealth        | 2 |  2.0
Dodging        | 3 |  3.1
Shields        | 1 |  1.1
Unarmed Combat | 1 |  1.4
Fighting       | |  3.2

Action                   |  1- 3 |  4- 6 || total
-------------------------+-------+-------++-------
Melee: Hand axe          |   151 |   104 ||   255
       Headbutt          |    18 |    14 ||    32
  Use: Scroll            |     3 |     2 ||     5
       Potion            |       |     1 ||     1
 Stab: Sleeping          |     6 |     4 ||    10
Armor: Robe              |    38 |       ||    38
       Leather armour    |    21 |       ||    21
       Ring mail         |       |    25 ||    25
Dodge: Dodged            |   124 |    53 ||   177
Block: Buckler           |     1 |    19 ||    20

Table legend: (Time is in decaauts)
 A = Elapsed time spent in this place.
 B = Non-inter-level travel time spent in this place.
 C = Inter-level travel time spent in this place.
 D = Time resting spent in this place.
 E = Time spent auto-exploring this place.
 F = Levels seen in this place.
 G = Mean time per level.
                   A        B        C        D        E       F      G
               +--------+--------+--------+--------+--------+-----+--------+
         Total |   3473 |   3356 |    117 |      0 |   2560 |   3 | 1157.7 |
       Dungeon |   3473 |   3356 |    117 |      0 |   2560 |   3 | 1157.7 |
               +--------+--------+--------+--------+--------+-----+--------+

Top non-repeatable levels by time:
     D:2: 1312 daAuts
     D:3: 1157 daAuts
     D:1: 1004 daAuts
